 Dungeon Crawl Stone Soup version 0.31-a0-267-g3fc6992b3b (webtiles) character file.

Game seed: 6415650880669661434

120 qw the Shooter (level 4, 0/36 HPs)
             Began as a Minotaur Hexslinger on July 14, 2023.
             Slain by a kobold
             ... wielding a +0 dagger
              (3 damage)
             ... on level 3 of the Dungeon.
             The game lasted 00:00:34 (1790 turns).

qw the Shooter (Minotaur Hexslinger)                Turns: 1790, Time: 00:00:35

Health: 0/36       AC:  5    Str: 12    XL:     4   Next: 75%
Magic:  4/4        EV: 11    Int: 10    God:
Gold:   174        SH:  0    Dex: 15    Spells: 4/5 levels left

rFire   . . .        Y - +2 sling
rCold   . . .        (no shield)
rNeg    . . .        a - +0 ring mail
rPois   .            (helmet restricted)
rElec   .            (no cloak)
rCorr   .            (no gloves)
SInv    .            (no boots)
Will    .....        (no amulet)
Stlth   +            (no ring)
HPRegen 0.26/turn    (no ring)
MPRegen 0.09/turn

%: no passive effects
@: no status effects
A: horns 2, retaliatory headbutt
a: no special abilities


You were on level 3 of the Dungeon.
You visited 1 branch of the dungeon, and saw 3 of its levels.

You collected 174 gold pieces.


Innate Abilities, Weirdness & Mutations

You have a pair of horns on your head.
You reflexively headbutt those who attack you in melee.


   Skills:
 + Level 2.2 Fighting
 - Level 5.0 Ranged Weapons
 - Level 1.3 Armour
 - Level 2.1 Dodging
 - Level 1.0 Spellcasting
 - Level 2.0 Hexes


You had 4 spell levels left.
You knew the following spells:

 Your Spells              Type           Power      Damage    Failure   Level
a - Slow                  Hex            16%        N/A       32%         1

Your spell library contained the following spells:

 Spells                   Type           Power      Damage    Failure   Level
 Inner Flame              Hex/Fire       2%         N/A       83%         3
 Portal Projectile        Hex/Tloc       4%         N/A       83%         3
 Cause Fear               Hex            2%         N/A       97%         4

Inventory:

Hand Weapons
 Y - a +2 sling (weapon)
Armour
 a - a +0 ring mail (worn)
Scrolls
 e - 2 scrolls of identify
Potions
 d - a potion of berserk rage {unknown}
 f - a potion of lignification {unknown}

Dungeon Overview and Level Annotations

Branches:
Dungeon (3/15)

Altars:


Message History

The orc is severely wounded.
Something hits you.
A kobold comes into view. It is wielding a +0 dagger.
The orc hits you but does no damage. The orc hits you with a +0 falchion.
Something hits you but does no damage.
You shoot a sling bullet. The sling bullet barely misses the orc.
The kobold shouts!
You hear some strange, mumbled words.
A magic dart appears from out of thin air!
The magic dart hits you. The orc closely misses you.
You shoot a sling bullet.
The sling bullet hits the orc but does no damage.
The orc is severely wounded.
Something hits you. The orc barely misses you. You furiously retaliate!
You headbutt the orc.
You kill the orc!
You shoot a sling bullet. The sling bullet hits the orc.
The orc is lightly wounded.
The orc hits you with a +0 dagger.
You hear some strange, mumbled words.
You are confused.
The orc barely misses you. Something hits you.
The orc hits you with a +0 dagger. Something hits you but does no damage.
The orc barely misses you. Something hits you but does no damage.
The orc hits you but does no damage. Something hits you but does no damage.
The orc barely misses you. Something hits you but does no damage.
The orc closely misses you. Something hits you but does no damage.
You feel less confused. The orc hits you but does no damage.
Something hits you but does no damage.
You shoot a sling bullet. The sling bullet hits the orc!
You kill the orc!
Something hits you but does no damage. The kobold hits you but does no damage.
Something hits you but does no damage.
You shoot a sling bullet.
The sling bullet closely misses the kobold.
Something hits you but does no damage. The kobold barely misses you.
You shoot a sling bullet.
The sling bullet barely misses the kobold.
Something hits you. The kobold hits you with a +0 dagger.
You die...

............####
...............
...#####......
.........#...#
.....##..#...# .
.#.#.##..#...# ##..
.........#...# ##....#
.#.#..#......####K......
......####......@{#
......# #.#.######
.....## #.#.# .#....
..#.# .###.# ####.. .
#.. ###


You could see a kobold.

Vanquished Creatures
  A hound (D:3)
  4 adders (D:3)
  2 dart slugs (D:2)
  2 orcs (D:3)
  4 bats
  5 endoplasms
  A giant cockroach (D:1)
  4 hobgoblins
  4 jackals (D:3)
  A quokka (D:1)
  6 ball pythons
  4 frilled lizards
  4 goblins
  2 kobolds (D:1)
  4 rats
48 creatures vanquished.

Notes
Turn   | Place    | Note
-------+----------+-------------------------------------------
     0 | D:1      | qw the Minotaur Hexslinger began the quest for the Orb.
     0 | D:1      | Reached XP level 1. HP: 16/16 MP: 1/1
     0 | D:1      | 0 ||| qw: Version: 0.3-a-52-g30416fa
     0 | D:1      | 0 ||| qw: Game counter: 7793
     0 | D:1      | 0 ||| qw: Melee chars always use a shield: true
     0 | D:1      | 0 ||| qw: God list: Okawaru
     0 | D:1      | 0 ||| qw: Allow faded altars: false
     0 | D:1      | 0 ||| qw: Do Orc after clearing Dungeon:15 true
     0 | D:1      | 0 ||| qw: Do second Lair branch before Depths: true
     0 | D:1      | 0 ||| qw: Lair rune preference: random
     0 | D:1      | 0 ||| qw: Goals: Normal
     0 | D:1      | 0 ||| PLANNING D:1-11
   333 | D:1      | Reached skill level 3 in Ranged Weapons
   334 | D:1      | Reached XP level 2. HP: 23/23 MP: 2/2
   392 | D:1      | Found a faded altar of an unknown god.
   899 | D:1      | 899 ||| READING scroll labelled ASKIGUTIER.
   900 | D:1      | 900 ||| READING 2 scrolls labelled OBEOSICIOM.
   901 | D:1      | 901 ||| READING scroll labelled ASSO YRCHOJYRUN.
   902 | D:1      | 902 ||| DROPPING scroll of poison.
  1204 | D:2      | Reached XP level 3. HP: 29/29 MP: 3/3
  1368 | D:2      | 1368 ||| UPGRADING to +0 ring mail.
  1378 | D:2      | 1378 ||| DROPPING +0 robe.
  1379 | D:2      | 1379 ||| READING scroll labelled EBATUE REIZXOCS.
  1489 | D:3      | Reached skill level 4 in Ranged Weapons
  1489 | D:3      | Reached XP level 4. HP: 25/36 MP: 4/4
  1644 | D:3      | Reached skill level 1 in Armour
  1772 | D:3      | Reached skill level 5 in Ranged Weapons
  1780 | D:3      | HP: 7/36 [orc/+0 dagger (4)]
  1781 | D:3      | HP: 3/36 [something (4)]
  1790 | D:3      | HP: 3/36 [something (2)]
  1790 | D:3      | Slain by a kobold

Levels and vault maps discovered:
D:1:      minmay_arrival_open_corners, layout_basic,
          dreamdust_ecumenical_altar_hidden_monk_grotto
D:2:      layout_basic
D:3:      layout_loops_ring

Skill      XL: |  1  2  3  4 |
---------------+-------------+-----
Ranged Weapons | 3 4 5 |  5.0
Fighting       | 2 |  2.2
Armour         | 1 |  1.3
Dodging        | |  2.1
Spellcasting   | |  1.0
Hexes          | |  2.0

Action                     |  1- 3 |  4- 6 || total
---------------------------+-------+-------++-------
   Fire: Sling             |    81 |    52 ||   133
    Use: Scroll            |     4 |       ||     4
 Armour: Robe              |     4 |       ||     4
         Ring mail         |       |    28 ||    28
  Dodge: Dodged            |    27 |    30 ||    57

Table legend:
 A = Non-vault XP
 B = Vault XP
 C = Vault XP percentage of total XP
 D = Non-vault monster count
 E = Vault monster count
 F = Vault count percentage of total count
                 A         B        C        D         E       F
            +---------+---------+-------+---------+---------+-------
      Total |     172 |       0 |   0.0 |      48 |       0 |   0.0
            +---------+---------+-------+---------+---------+-------
        D:1 |      26 |       0 |   0.0 |      18 |       0 |   0.0
        D:2 |      21 |       0 |   0.0 |      10 |       0 |   0.0
        D:3 |     125 |       0 |   0.0 |      20 |       0 |   0.0
            +---------+---------+-------+---------+---------+-------
